 Dungeon Crawl Stone Soup version 0.31-a0-175-g9f7f995f2b (webtiles) character file.

Game seed: 14405038596603395851

487 qw the Chopper (level 7, -1/43 HPs)
             Began as a Gargoyle Fighter on June 17, 2023.
             Slain by a gnoll
             ... wielding a +0 spear
              (6 damage)
             ... on level 4 of the Dungeon.
             The game lasted 00:01:36 (3245 turns).

qw the Chopper (Gargoyle Fighter)                   Turns: 3245, Time: 00:01:37

Health: -1/43      AC: 26    Str: 21    XL:     7   Next: 13%
Magic:  7/7        EV:  6    Int:  9    God:
Gold:   204        SH:  4    Dex:  9    Spells: 6/6 levels left

rFire   + . .        Y - +1 war axe
rCold   . . .        c - +0 buckler
rNeg    + . .        i - +2 plate armour
rPois   inf          g - +2 helmet
rElec   +            (no cloak)
rCorr   .            (no gloves)
SInv    .            b - +3 pair of seven-league boots {Rampage+∞}
Will    .....        (no amulet) Stlth
                     h - ring of protection from fire
HPRegen 0.27/turn    (no ring)
MPRegen 0.10/turn

%: rampage+inf
@: no status effects
A: sickness immunity, AC +4, negative energy resistance 1, electricity
resistance, torment resistance 1, petrification resistance
a: no special abilities


You were on level 4 of the Dungeon.
You visited 1 branch of the dungeon, and saw 4 of its levels.

You collected 204 gold pieces.


Innate Abilities, Weirdness & Mutations

You are immune to sickness and miasma.
Your stone body is resilient. (AC +4)
You are immune to poison.
You resist negative energy. (rN+)
You are resistant to electric shocks. (rElec)
You are resistant to unholy torment.
You are immune to petrification.


   Skills:
 - Level 4.0 Fighting
 + Level 6.2 Axes
 - Level 4.2 Armour
 - Level 3.2 Shields


You had 6 spell levels left.
You didn't know any spells.
Your spell library was empty.

Inventory:

Hand Weapons
 j - a +0 hammer
 Y - a +1 war axe (weapon)
Armour
 b - the +3 pair of seven-league boots (worn) {Rampage+∞}
   (You acquired it on level 2 of the Dungeon)

   Rampage+∞: When moving toward enemies, its wearer moves as far as possible,
   alerting their target en route.
 c - a +0 buckler (worn)
 g - a +2 helmet (worn)
 i - a +2 plate armour (worn)
Jewellery
 h - a ring of protection from fire (left hand)
Scrolls
 e - a scroll of blinking {unknown}
 f - a scroll of fog {unknown}
Potions
 a - a potion of curing
 d - 2 potions of might
 n - a potion of degeneration {unknown}

Dungeon Overview and Level Annotations

Branches:
Dungeon (4/15)
 Temple: D:4-7

Altars:

Shops:
D:1 (

Annotations:
D:2 1 runed translucent door, Crazy Yiuf


Message History

You slash the gnoll!
You kill the gnoll!
You barely miss the iguana.
The iguana bites you but does no damage.
The gnoll hits you but does no damage. x2
You have reached level 7!
You hit the iguana.
The iguana is moderately wounded.
The iguana bites you but does no damage.
The gnoll hits you but does no damage.
You hit the iguana but do no damage.
The iguana is moderately wounded.
The gnoll hits you but does no damage.
The iguana bites you but does no damage.
The gnoll hits you but does no damage. The iguana barely misses you.
The gnoll hits you from afar with a +0 spear.
You barely miss the iguana.
The iguana is moderately wounded.
You hit the jelly but do no damage.
Your hands burn!
You block the jelly's attack.
The iguana bites you but does no damage.
The gnoll hits you but does no damage.
The gnoll hits you from afar with a +0 spear.
You hit the iguana.
The iguana is heavily wounded.
You slash the jelly!
Your hands burn!
The jelly hits you but does no damage.
The iguana bites you but does no damage.
You block the gnoll's attack. The gnoll hits you but does no damage.
You slash the iguana!
You kill the iguana!
You slash the jelly!
You kill the jelly!
The gnoll hits you but does no damage.
The gnoll hits you from afar with a +0 halberd.
Your Armour skill increases to level 4!
You stride towards the gnoll!
You barely miss the gnoll. You closely miss the gnoll.
The gnoll hits you but does no damage. The gnoll hits you with a +0 spear.
You die...

...........# ..........#
..........# ..........
#......... ##.........
..###.gg......# #..##
......)@......# ...#
#.....).......# ...#
#......%....... #..##
#............#### ##....
.........$...##.###.....
......=......#.##.......
.................%......
..................###...
...(............##.##<..


You could see 2 gnolls.

Vanquished Creatures
  Grinder (D:3)
  A jelly (D:4)
  Jessica (D:2)
  Terence (D:2)
  An iguana (D:4)
  Robin (D:2)
  3 adders
  5 gnolls
  2 worms
  5 dart slugs
  An orc (D:2)
  11 ball pythons
  5 endoplasms
  2 giant cockroaches
  10 goblins
  13 hobgoblins
  A jackal (D:2)
  8 bats
  5 frilled lizards
  6 kobolds
  6 rats
89 creatures vanquished.

Notes
Turn   | Place    | Note
-------+----------+-------------------------------------------
     0 | D:1      | qw the Gargoyle Fighter began the quest for the Orb.
     0 | D:1      | Reached XP level 1. HP: 14/14 MP: 1/1
     0 | D:1      | 0 ||| qw: Version: 0.3-a-2-g5ab2908
     0 | D:1      | 0 ||| qw: Game counter: 112
     0 | D:1      | 0 ||| qw: Always use a shield: true
     0 | D:1      | 0 ||| qw: God list: Okawaru
     0 | D:1      | 0 ||| qw: Allow faded altars: false
     0 | D:1      | 0 ||| qw: Do Orc after D:15 true
     0 | D:1      | 0 ||| qw: Do second Lair branch before Depths: true
     0 | D:1      | 0 ||| qw: Lair rune preference: random
     0 | D:1      | 0 ||| qw: Plans: Normal, Zot:1-4, Slime:5, God:TSO, Crypt,
                  | Tomb, Abyss, Pan, Hells, Win
     0 | D:1      | 0 ||| PLANNING D:1-11
    21 | D:1      | Noticed a swamp worm
    21 | D:1      | Noticed a black mamba
    22 | D:1      | Noticed a wolf
    22 | D:1      | Noticed a polar bear
    50 | D:1      | Reached skill level 2 in Axes
    89 | D:1      | Found Suiq's Weapon Emporium.
   100 | D:1      | 100 ||| SHOPLISTING +0 whip (32 gold, have 19).
   100 | D:1      | 100 ||| SHOPLISTING +1 broad axe of freezing (184 gold,
                  | have 19).
   492 | D:1      | Reached XP level 2. HP: 19/19 MP: 2/2
   501 | D:1      | 501 ||| Stepping ~*~*~tactically~*~*~ (stealth).
   502 | D:1      | 502 ||| Stepping ~*~*~tactically~*~*~ (stealth).
   600 | D:1      | 600 ||| Stepping ~*~*~tactically~*~*~ (stealth).
   721 | D:1      | Reached skill level 3 in Axes
   887 | D:1      | 887 ||| UPGRADING to +0 helmet.
   892 | D:1      | 892 ||| UPGRADING to +0 plate armour.
   902 | D:1      | 902 ||| DROPPING +0 scale mail.
   903 | D:1      | 903 ||| UPGRADING to ring of protection from fire.
   904 | D:1      | 904 ||| READING scroll labelled WIASHR EGGARGHUSU.
   936 | D:2      | Reached XP level 3. HP: 20/23 MP: 3/3
  1009 | D:2      | Reached XP level 4. HP: 28/28 MP: 4/4
  1045 | D:2      | Noticed Robin
  1046 | D:2      | 1046 ||| Stepping ~*~*~tactically~*~*~ (hiding).
  1055 | D:2      | Reached skill level 4 in Axes
  1064 | D:2      | Killed Robin
  1074 | D:2      | 1074 ||| Stepping ~*~*~tactically~*~*~ (stealth).
  1075 | D:2      | 1075 ||| Stepping ~*~*~tactically~*~*~ (stealth).
  1077 | D:2      | 1077 ||| Stepping ~*~*~tactically~*~*~ (hiding).
  1118 | D:2      | Noticed Jessica
  1119 | D:2      | 1119 ||| Stepping ~*~*~tactically~*~*~ (hiding).
  1123 | D:2      | Killed Jessica
  1124 | D:2      | Reached XP level 5. HP: 32/32 MP: 5/5
  1263 | D:2      | 1263 ||| Stepping ~*~*~tactically~*~*~ (stealth).
  1264 | D:2      | 1264 ||| Stepping ~*~*~tactically~*~*~ (stealth).
  1271 | D:2      | 1271 ||| READING scroll of enchant armour.
  1271 | D:2      | 1271 ||| ENCHANTING +0 helmet.
  1445 | D:2      | Noticed Terence
  1463 | D:2      | Killed Terence
  1545 | D:2      | 1545 ||| Stepping ~*~*~tactically~*~*~ (hiding).
  1549 | D:2      | 1549 ||| Stepping ~*~*~tactically~*~*~ (hiding).
  1659 | D:2      | 1659 ||| DROPPING +2 whip of venom.
  1692 | D:2      | 1692 ||| Stepping ~*~*~tactically~*~*~ (stealth).
  1694 | D:2      | 1694 ||| Stepping ~*~*~tactically~*~*~ (hiding).
  1701 | D:2      | Reached skill level 5 in Axes
  1711 | D:2      | Identified the +6 short sword of Dull Cruel Justice {flame,
                  | Fragile rElec rC++ rCorr}
  1714 | D:2      | 1714 ||| READING 2 scrolls of enchant armour.
  1714 | D:2      | 1714 ||| ENCHANTING +1 helmet.
  1715 | D:2      | 1715 ||| READING scroll of enchant armour.
  1715 | D:2      | 1715 ||| ENCHANTING +0 plate armour.
  1877 | D:2      | Found a runed translucent door.
  1878 | D:2      | Noticed Crazy Yiuf
  2110 | D:2      | 2110 ||| READING scroll labelled NAGAJEIRUQ.
  2111 | D:2      | 2111 ||| READING scroll labelled YDEHACSUOJI.
  2111 | D:2      | Identified a scroll of acquirement
  2111 | D:2      | 2111 ||| ACQUIRING +3 pair of seven-league boots
                  | {Rampage+∞}
  2111 | D:2      | Acquired the +3 pair of seven-league boots {Rampage+∞}
  2111 | D:2      | Found the +3 pair of seven-league boots {Rampage+∞}
  2113 | D:2      | 2113 ||| UPGRADING to +3 pair of seven-league boots
                  | {Rampage+∞}.
  2118 | D:2      | 2118 ||| DRINKING 2 fuming white potions.
  2204 | D:3      | 2204 ||| READING scroll of enchant armour.
  2204 | D:3      | 2204 ||| ENCHANTING +1 plate armour.
  2214 | D:3      | 2214 ||| Stepping ~*~*~tactically~*~*~ (stealth).
  2215 | D:3      | 2215 ||| Stepping ~*~*~tactically~*~*~ (stealth).
  2367 | D:3      | Found a faded altar of an unknown god.
  2560 | D:3      | 2560 ||| Stepping ~*~*~tactically~*~*~ (hiding).
  3049 | D:3      | Noticed Grinder
  3057 | D:3      | Paralysed by Grinder for 2 turns
  3060 | D:3      | Killed Grinder
  3061 | D:3      | Reached skill level 6 in Axes
  3061 | D:3      | Reached XP level 6. HP: 31/38 MP: 6/6
  3126 | D:3      | 3126 ||| READING scroll labelled MUOF RO UCZU.
  3131 | D:3      | 3131 ||| READING scroll labelled MIULUFIUBB.
  3132 | D:3      | 3132 ||| READING scroll labelled SIEMMUFEPH.
  3133 | D:3      | 3133 ||| READING scroll labelled BUNWEXA ESTRYG.
  3161 | D:3      | 3161 ||| DRINKING 2 grey potions.
  3162 | D:3      | 3162 ||| DROPPING potion of invisibility.
  3240 | D:4      | Reached XP level 7. HP: 22/43 MP: 7/7
  3243 | D:4      | HP: 8/43 [acid (5)]
  3245 | D:4      | Slain by a gnoll

Levels and vault maps discovered:
D:1:      onia_arrival_zoo_common, layout_basic, serial_shops, shop,
          minmay_misc_feat_plants
D:2:      layout_loops_ring, minmay_pentomino_t4, uniq_terence, uniq_jessica,
          uniq_robin, uniq_crazy_yiuf_cottage
D:3:      layout_basic, shapermc_ecumenical_altar_venn,
          amcnicky_mini_corridor_feature, chequers_serial_rivers_micro_c,
          minmay_pentomino_pile, uniq_grinder
D:4:      layout_layer_cave, grunt_temple_overflow_bloody_war,
          nemelex_spade_bored_becter, overflow_temple_1_default, serial_shops,
          shop

Skill      XL: |  1  2  3  4  5  6  7 |
---------------+----------------------+-----
Axes           | 2 3 4 6 |  6.2
Fighting       | 4 |  4.0
Armour         | 4 |  4.2
Shields        | |  3.2

Action                     |  1- 3 |  4- 6 |  7- 9 || total
---------------------------+-------+-------+-------++-------
  Melee: War axe           |    82 |   170 |     6 ||   258
    Use: Scroll            |     1 |    10 |       ||    11
         Potion            |       |     2 |       ||     2
 Armour: Scale mail        |    21 |       |       ||    21
         Plate armour      |    16 |   119 |    12 ||   147
  Dodge: Dodged            |    42 |    34 |     1 ||    77
  Block: Buckler           |    17 |    29 |     2 ||    48

Table legend:
 A = Non-vault XP
 B = Vault XP
 C = Vault XP percentage of total XP
 D = Non-vault monster count
 E = Vault monster count
 F = Vault count percentage of total count
                 A         B        C        D         E       F
            +---------+---------+-------+---------+---------+-------
      Total |     296 |     400 |  57.5 |      66 |      23 |  25.8
            +---------+---------+-------+---------+---------+-------
        D:1 |      31 |       0 |   0.0 |      21 |       0 |   0.0
        D:2 |      94 |     119 |  55.9 |      20 |      19 |  48.7
        D:3 |      49 |     281 |  85.2 |      19 |       4 |  17.4
        D:4 |     122 |       0 |   0.0 |       6 |       0 |   0.0
            +---------+---------+-------+---------+---------+-------
